 Dungeon Crawl Stone Soup version 0.27-a0-492-ga4bb394fd4 (webtiles) character file.

Game seed: 11704153266702683565

342 Gaff the Covert (level 6, -6/36 HPs)
             Began as a Kobold Brigand on Mar 2, 2021.
             Was a Follower of Uskayaw.
             Mangled by a phantom (8 damage)
             ... on level 4 of the Dungeon.
             The game lasted 00:09:09 (3599 turns).

Gaff the Covert (Kobold Brigand)                    Turns: 3599, Time: 00:09:09

Health: -6/36      AC:  5    Str:  9    XL:     6   Next: 88%
Magic:  6/6        EV: 16    Int: 12    God:    Uskayaw [*.....]
Gold:   135        SH:  5    Dex: 18    Spells: 5/5 levels left

rFire    . . .     SeeInvis +   v - +2 dagger (venom)
rCold    . . .     Faith    .   (shield restricted)
rNeg     . . .     Spirit   .   j - +0 leather armour
rPois    .         Reflect  +   B - +0 helmet
rElec    .         Harm     .   c - +0 cloak
rCorr    .         Rampage  .   (no gloves)
Will     .....                  (no boots)
Stlth    +++++.....             x - amulet of reflection
HPRegen  0.12/turn              h - ring of see invisible
MPRegen  0.10/turn              (no ring)

@: no status effects
A: small, nightstalker 3
a: Renounce Religion, Stomp


You were on level 4 of the Dungeon.
You worshipped Uskayaw.
Uskayaw was noncommittal.
You visited 1 branch of the dungeon, and saw 4 of its levels.

You collected 135 gold pieces.

Inventory:

Hand Weapons
 a - a +2 dagger
 r - a +0 short sword
 v - a +2 dagger of venom (weapon)
Missiles
 d - 33 poisoned darts (quivered)
 e - 2 curare-tipped darts
 t - a throwing net
 y - 3 boomerangs
Armour
 b - a +0 robe
 c - a +0 cloak (worn)
 j - a +0 leather armour (worn)
 u - a +0 hat
 B - a +0 helmet (worn)
Jewellery
 h - a ring of see invisible (left hand)
 x - an amulet of reflection (around neck)
Wands
 w - a wand of digging (3)
Scrolls
 f - 5 scrolls of identify {unknown}
 i - a scroll of teleportation {unknown}
 k - 2 scrolls of magic mapping {unknown}
 o - 2 scrolls of fog {unknown}
 p - 2 scrolls of immolation {unknown}
 s - a scroll of enchant weapon {unknown}
 z - a scroll of random uselessness {unknown}
 A - a scroll of enchant armour {unknown}
Potions
 g - a potion of invisibility {unknown}
 l - a potion of might {unknown}
 m - 2 potions of curing
 n - a potion of haste {unknown}
 q - a potion of brilliance {unknown}


   Skills:
 + Level 2.6 Fighting
 + Level 3.9 Short Blades
 + Level 2.4 Throwing
 + Level 2.0 Armour
 * Level 3.5 Dodging
 - Level 8.0 Stealth


You had 5 spell levels left.
You didn't know any spells.
Your spell library was empty.

Dungeon Overview and Level Annotations

Branches:
Dungeon (4/15)
 Temple: D:4-7

Altars:
Elyvilon
Fedhas
Hepliaklqana
Kikubaaqudgha
Makhleb
Nemelex Xobeh
Okawaru
Uskayaw
Vehumet
Xom

Annotations:
D:2 1 runed translucent door, Crazy Yiuf


Innate Abilities, Weirdness & Mutations

You are small and have problems with some larger weapons.
You are completely attuned to the shadows.


Message History

You block the phantom's attack.
You can no longer pass through a line of other dancers.
You hit the phantom.
The phantom is almost destroyed.
The phantom completely misses you.
You hit the phantom.
The phantom is almost destroyed.
The phantom barely misses you.
You can now pass through a line of other dancers.
You hit the phantom but do no damage.
The phantom is almost destroyed.
You completely miss the phantom.
The phantom is almost destroyed.
You block the phantom's attack.
You barely miss the phantom.
The phantom is almost destroyed.
The phantom hits you.
* * * LOW HITPOINT WARNING * * *
The phantom blinks!
You blink.
The phantom misses you.
You can no longer pass through a line of other dancers.
You hit the phantom.
The phantom is almost destroyed.
You block the phantom's attack.
You closely miss the phantom.
The phantom is almost destroyed.
The phantom hits you.
* * * LOW HITPOINT WARNING * * *
You hit the phantom.
The phantom is almost destroyed.
You barely miss the phantom.
The phantom is almost destroyed.
The phantom misses you.
You hit the phantom but do no damage.
The phantom is almost destroyed.
The phantom misses you.
You closely miss the phantom.
The phantom is almost destroyed.
The phantom hits you!
You die...

#.........# #.........#
########....(....#
#.........########
#######.#######.#
.).<..#.# ##§# #####.#.#
#..# ####### .###....#
##>####.....#
..)†.#..#####...@W..#####
)######..##....###### .#
#......#....#
.###...........#
...............######
.###..................
.#............)...##..
...#..................
.#####.........##.####


You could see a phantom.

Vanquished Creatures
  2 ogres
  Ijyb (D:3)
  An orc wizard (D:3)
  4 adders
  2 worms
  A dart slug (D:1)
  2 leopard geckos
  10 orcs
  9 bats
  4 giant cockroaches
  9 hobgoblins
  4 jackals (D:1)
  A quokka (D:2)
  A ball python (D:3)
  4 frilled lizards
  7 goblins
  9 kobolds
  6 rats
77 creatures vanquished.

Notes
Turn   | Place    | Note
-------+----------+-------------------------------------------
     0 | D:1      | Gaff the Kobold Brigand began the quest for the Orb.
     0 | D:1      | Reached XP level 1. HP: 12/12 MP: 1/1
   312 | D:1      | Found a shimmering altar of Xom.
   312 | D:1      | Found an iron altar of Okawaru.
   312 | D:1      | Found a white marble altar of Elyvilon.
   318 | D:1      | Found a sparkling altar of Nemelex Xobeh.
   318 | D:1      | Found a burning altar of Makhleb.
   321 | D:1      | Found a bloodstained altar of Trog.
   411 | D:1      | Reached XP level 2. HP: 18/18 MP: 2/2
   436 | D:1      | Reached skill level 6 in Stealth
  1166 | D:2      | Found a white marble altar of Elyvilon.
  1217 | D:2      | Reached XP level 3. HP: 22/22 MP: 3/3
  1248 | D:2      | Found a runed translucent door.
  1251 | D:2      | Noticed Crazy Yiuf
  1640 | D:2      | Found a radiant altar of Vehumet.
  1694 | D:2      | Found a blossoming altar of Fedhas.
  1695 | D:2      | Found an ancient bone altar of Kikubaaqudgha.
  2181 | D:3      | Reached skill level 7 in Stealth
  2181 | D:3      | Reached XP level 4. HP: 27/27 MP: 4/4
  2241 | D:3      | Reached XP level 5. HP: 19/31 MP: 5/5
  2376 | D:3      | Noticed Ijyb
  2393 | D:3      | Killed Ijyb
  2394 | D:3      | Reached skill level 1 in Armour
  2547 | D:3      | Found a hazy altar of Hepliaklqana.
  2550 | D:3      | Found a faded altar of an unknown god.
  2551 | D:3      | Found a sparkling altar of Nemelex Xobeh.
  2552 | D:3      | Found a faded altar of an unknown god.
  2568 | D:3      | Found a hide-covered altar of Uskayaw.
  2573 | D:3      | Became a worshipper of Uskayaw the Reveller
  2661 | D:3      | Reached * piety under Uskayaw
  3220 | D:4      | Noticed an ogre
  3252 | D:4      | Killed an ogre
  3253 | D:4      | Reached skill level 8 in Stealth
  3253 | D:4      | Reached XP level 6. HP: 35/36 MP: 6/6
  3301 | D:4      | Noticed an ogre
  3331 | D:3      | Killed an ogre
  3556 | D:4      | Found a burning altar of Makhleb.
  3580 | D:4      | Reached ** piety under Uskayaw
  3599 | D:4      | Mangled by a phantom

Illustrated notes

Levels and vault maps discovered:
D:1:      roderic_chinese_lattice_arrival, layout_basic, doesnt_xom_only_xom
D:2:      layout_rooms, grunt_temple_overflow_growth_and_decay,
          fiery_altar_vehumet, lemuel_round_altar, serial_rivers,
          chequers_serial_rivers_micro_c, chequers_serial_rivers_large_b,
          chequers_serial_rivers_small_3, chequers_serial_rivers_large_a,
          chequers_serial_rivers_micro_c, uniq_crazy_yiuf_cottage
D:3:      minmay_angry_zag, layout_basic, chequers_temple_overflow_minitemple,
          lemuel_statue_altar, uniq_ijyb
D:4:      layout_rooms, kennysheep_mini_moat

Skill      XL: |  1  2  3  4  5  6 |
---------------+-------------------+-----
Stealth        | 6 7 8 |  8.0
Short Blades   | 3 |  3.9
Dodging        | 2 3 |  3.5
Armour         | 1 2 |  2.0
Fighting       | |  2.6
Throwing       | |  2.4

Action                   |  1- 3 |  4- 6 || total
-------------------------+-------+-------++-------
Melee: Dagger            |    87 |   126 ||   213
Throw: Dart              |       |     5 ||     5
 Stab: Sleeping          |    24 |    13 ||    37
       Distracted        |       |     3 ||     3
Armor: Leather armour    |    26 |    13 ||    39
Dodge: Dodged            |    47 |    45 ||    92
Block: Other             |       |     9 ||     9

Table legend: (Time is in decaauts)
 A = Elapsed time spent in this place.
 B = Non-inter-level travel time spent in this place.
 C = Inter-level travel time spent in this place.
 D = Time resting spent in this place.
 E = Time spent auto-exploring this place.
 F = Levels seen in this place.
 G = Mean time per level.
                   A        B        C        D        E       F      G
               +--------+--------+--------+--------+--------+-----+--------+
         Total |   3636 |   3470 |    166 |    364 |   2329 |   4 |  909.0 |
       Dungeon |   3636 |   3470 |    166 |    364 |   2329 |   4 |  909.0 |
               +--------+--------+--------+--------+--------+-----+--------+

Top non-repeatable levels by time:
     D:3: 1219 daAuts
     D:1: 1135 daAuts
     D:2: 1027 daAuts
     D:4: 255 daAuts
